[Event "Titled Tuesday Blitz June 14 Late 2022"]
[White "Luo, Terry"]
[Black "Meshkovs, Nikita"]
[WhiteFideId "30931045"]
[BlackFideId "11602740"]
[WhiteElo "2024"]
[BlackElo "2506"]
[Result "0-1"]
[Round "02"]
[TimeControl "180+1"]
[Date "2022.06.14"]
[WhiteClock "0:00:36"]
[BlackClock "0:00:10"]

1. d4 Nf6 2. c4 c5 3. d5 e6 4. Nc3 exd5 5. cxd5 g6 6. g3 d6 7. Bg2 Bg7 8. Nf3 O-O 9. O-O Bf5 10. Bf4 Nh5 11. Bg5 Qb6 12. Qd2 Nf6 13. Nh4 Bc8 14. a4 a5 15. Nb5 Bd7 16. Ra3 Na6 17. Qf4 Bxb5 18. axb5 Nh5 19. Qf3 Nb4 20. g4 Nc2 21. Rd3 Nd4 22. Rxd4 cxd4 23. gxh5 d3 24. h6 Bxb2 25. Bf6 Be5 26. exd3 Qd4 27. Bxe5 Qxe5 28. Qe4 Qxe4 29. Bxe4 a4 30. Nf3 a3 31. Ra1 f5 32. Nd4 fxe4 33. dxe4 Rfc8 34. Kf1 Rc4 35. Nb3 Rb4 36. Nd2 Rxb5 37. Ke2 a2 38. Kd3 Ra3+ 39. Kc2 Rb4 40. f3 g5 41. Nf1 Kf7 42. Ng3 Kf6 43. Ne2 Ke5 44. Nc3 Rc4 45. Kb2 Rcxc3 46. Rxa2 Rab3+ 47. Ka1 Rc1# 0-1


[Site "https://www.chess.com"]

[Event "Titled Tuesday Blitz June 14 Late 2022"]
[White "Mammadova, Gulnar"]
[Black "Oparin, Grigoriy"]
[WhiteFideId "13403508"]
[BlackFideId "24125890"]
[WhiteElo "2255"]
[BlackElo "2639"]
[Result "0-1"]
[Round "02"]
[TimeControl "180+1"]
[Date "2022.06.14"]
[WhiteClock "0:00:17"]
[BlackClock "0:00:26"]

1. e4 c6 2. d4 d5 3. f3 Qb6 4. Nc3 e6 5. a3 Nf6 6. e5 Nfd7 7. f4 c5 8. Nf3 Nc6 9. Ne2 cxd4 10. Nexd4 Nxd4 11. Nxd4 Bc5 12. c3 Nb8 13. Bb5+ Bd7 14. Bxd7+ Kxd7 15. O-O Bxd4+ 16. cxd4 Nc6 17. Be3 g6 18. Qd2 Rac8 19. Rac1 Ne7 20. Bf2 Rxc1 21. Rxc1 Rc8 22. Rxc8 Kxc8 23. b4 Qb5 24. h3 Kd7 25. Qc3 Qc4 26. Qd2 Kc6 27. a4 a6 28. Kh2 Kd7 29. Qb2 h5 30. Qa3 b5 31. axb5 Qxb5 32. Qc3 Nc6 33. Qf3 Qxb4 34. f5 Qe7 35. fxe6+ Qxe6 36. Qa3 Nd8 37. Bh4 Nb7 38. Qa4+ Qc6 39. Qb4 Kc7 40. Qf8 Qd7 41. Qa8 Kb6 42. Qf8 a5 43. Be1 Kb5 44. Qa3 Ka6 45. Qd3+ Qb5 46. Qa3 Qf1 47. Bc3 g5 48. Bd2 g4 49. hxg4 hxg4 50. Qg3 Qe2 51. Qc3 Qc4 52. Qe3 a4 53. Qh6+ Kb5 54. Qf8 Qxd4 55. Qxf7 Qxe5+ 56. Bf4 Qh8+ 57. Kg3 Qc3+ 58. Kxg4 Qc6 59. Qf8 Na5 60. Qb8+ Kc4 61. Qe5 Nb3 62. Qe2+ Kb4 63. Bd2+ Nxd2 64. Qxd2+ Qc3 65. Qg5 a3 66. Qe7+ Kb3 67. Qb7+ Qb4+ 0-1


[Site "https://www.chess.com"]

[Event "Titled Tuesday Blitz June 14 Late 2022"]
[White "Martinez Alcantara, Jose Eduardo"]
[Black "Papp, Levente"]
[WhiteFideId "3805662"]
[BlackFideId "751243"]
[WhiteElo "2703"]
[BlackElo "2308"]
[Result "1/2-1/2"]
[Round "02"]
[TimeControl "180+1"]
[Date "2022.06.14"]
[WhiteClock "0:00:18"]
[BlackClock "0:00:24"]

1. e4 e6 2. d4 d5 3. Nc3 Bb4 4. e5 Ne7 5. a3 Bxc3+ 6. bxc3 b6 7. Ne2 Ba6 8. h4 c5 9. Nf4 Bxf1 10. Kxf1 Qc8 11. Rh3 Nbc6 12. Nh5 Rg8 13. Qd3 Ng6 14. Kg1 Na5 15. a4 cxd4 16. cxd4 Qc4 17. Qd2 Rc8 18. Ba3 Qxc2 19. Qg5 Nc4 20. Rc1 Qe4 21. Nxg7+ Rxg7 22. h5 Qf4 23. Qf6 Qxf6 24. exf6 Rg8 25. hxg6 Rxg6 26. Be7 h6 27. Rcc3 Kd7 28. Kh2 Rcg8 29. g3 Nd2 30. Kg2 Ne4 31. Rc2 1/2-1/2


[Site "https://www.chess.com"]

[Event "Titled Tuesday Blitz June 14 Late 2022"]
[White "McCoy, Owen"]
[Black "Lagno, Kateryna"]
[WhiteFideId "30924502"]
[BlackFideId "14109336"]
[WhiteElo "2437"]
[BlackElo "2522"]
[Result "1-0"]
[Round "02"]
[TimeControl "180+1"]
[Date "2022.06.15"]
[WhiteClock "0:00:25"]
[BlackClock "0:00:43"]

1. d4 Nf6 2. g3 g6 3. Bg2 d5 4. c4 c6 5. Nf3 Bg7 6. O-O O-O 7. cxd5 cxd5 8. Ne5 Nfd7 9. f4 Nb6 10. e3 f6 11. Nd3 Nc6 12. Nc3 e6 13. b3 Re8 14. Ba3 a5 15. Nb5 a4 16. Bc5 Bf8 17. Bxf8 Rxf8 18. Nc5 axb3 19. axb3 Rxa1 20. Qxa1 Nd7 21. Nxe6 Qb6 22. Nxf8 Kxf8 23. Nd6 Qc7 24. Nxc8 Qxc8 25. Bxd5 Nb6 26. Bf3 Qe6 27. Qc3 Kg7 28. e4 Qd6 29. d5 Ne7 30. Rc1 Nbc8 31. e5 Qb6+ 32. Kg2 Nf5 33. exf6+ Kh6 34. Qxc8 Ne3+ 35. Kh1 Qxf6 36. Qc3 Qb6 37. Qc5 Qxb3 38. Qf8# 1-0


[Site "https://www.chess.com"]

[Event "Titled Tuesday Blitz June 14 Late 2022"]
[White "Melikhov, Evgeny V."]
[Black "Zhurbinsky, David"]
[WhiteFideId "4122046"]
[BlackFideId "2072904"]
[WhiteElo "1904"]
[BlackElo "2547"]
[Result "0-1"]
[Round "02"]
[TimeControl "180+1"]
[Date "2022.06.15"]
[WhiteClock "0:00:03"]
[BlackClock "0:00:08"]

1. d4 Nf6 2. c4 e6 3. Nc3 Bb4 4. Qc2 O-O 5. e4 d6 6. e5 dxe5 7. dxe5 Nfd7 8. Nf3 Nc6 9. Bf4 f6 10. exf6 Qxf6 11. Be3 Nde5 12. Nxe5 Nxe5 13. O-O-O Ng4 14. Bd3 Bxc3 15. bxc3 h6 16. Bd4 e5 17. Bc5 Re8 18. Bh7+ Kh8 19. Bg6 Rd8 20. Rxd8+ Qxd8 21. f3 Qg5+ 22. Kb1 Nf6 23. h4 Qg3 24. h5 Be6 25. Qe2 Nd7 26. Be3 Nb6 27. Rd1 Nxc4 28. Bc1 Qh4 29. Bc2 Qe7 30. Qe4 Bg8 31. Bb3 Na3+ 32. Ka1 Bxb3 33. axb3 Nb5 34. c4 Nc3 35. Qc2 Nxd1 36. Qxd1 a5 37. Qd3 a4 38. Kb2 axb3 39. Qxb3 Qc5 40. Be3 Qa5 41. c5 Qa1+ 42. Kc2 Ra2+ 43. Kd3 Qf1+ 44. Ke4 Ra8 45. Qe6 Qb1+ 46. Kxe5 Qb2+ 47. Bd4 Qe2+ 48. Kf5 Rf8+ 49. Bf6 Rxf6+ 50. Qxf6 gxf6 51. Kg6 Qc4 0-1


[Site "https://www.chess.com"]

[Event "Titled Tuesday Blitz June 14 Late 2022"]
[White "Mikhailov, Viacheslav"]
[Black "Castellanos Hernandez, Emilio Au"]
[WhiteFideId "4187369"]
[BlackFideId "5114179"]
[WhiteElo "2381"]
[BlackElo "2021"]
[Result "1/2-1/2"]
[Round "02"]
[TimeControl "180+1"]
[Date "2022.06.15"]
[WhiteClock "0:00:07"]
[BlackClock "0:00:32"]

1. Nf3 d5 2. g3 Nf6 3. Bg2 e6 4. O-O b6 5. d4 Bb7 6. c4 dxc4 7. Na3 Bxa3 8. Qa4+ Nbd7 9. Qxa3 Qe7 10. Qxe7+ Kxe7 11. Bd2 a5 12. Rfc1 Bd5 13. Bf4 c5 14. dxc5 Nxc5 15. Ne5 Bxg2 16. Kxg2 b5 17. Be3 Ncd7 18. Nc6+ Kd6 19. Nd4 Rab8 20. a4 bxa4 21. Rxc4 Nd5 22. Raxa4 Nxe3+ 23. fxe3 Ne5 24. Rc2 Ra8 25. Nb5+ Ke7 26. Rc7+ Kf6 27. Nd6 Kg6 28. Re4 f6 29. Nc4 Nxc4 30. Rg4+ Kh6 31. Rgxc4 f5 32. h4 Kg6 33. R4c6 Kf6 34. Kf3 Rhb8 35. Rc2 h6 36. Rd7 Rc8 37. Rcd2 a4 38. h5 g6 39. Rh7 Kg5 40. hxg6 Kxg6 41. Rdd7 Rg8 42. Rb7 Rab8 43. Rxb8 Rxb8 44. Ra7 Rxb2 45. Rxa4 Kf6 46. e4 Rb3+ 47. e3 Rb1 48. exf5 exf5 49. Ra8 Rf1+ 50. Kg2 Re1 51. Kf2 Rb1 52. Ra6+ Kg5 53. Kg2 Rb2+ 54. Kf3 Rb3 55. Ra8 Rb4 56. Rg8+ Kf6 57. Rh8 Kg7 58. Rd8 Re4 59. Rd6 Rg4 60. Rd5 Kg6 61. Rd6+ Kg7 62. Rd8 Re4 63. Rb8 Kg6 1/2-1/2


[Site "https://www.chess.com"]

[Event "Titled Tuesday Blitz June 14 Late 2022"]
[White "Milosevic, Milos"]
[Black "Zakhartsov, Vladimir"]
[WhiteFideId "964875"]
[BlackFideId "4145097"]
[WhiteElo "2313"]
[BlackElo "2490"]
[Result "0-1"]
[Round "02"]
[TimeControl "180+1"]
[Date "2022.06.14"]
[WhiteClock "0:00:13"]
[BlackClock "0:00:22"]

1. e4 c6 2. Nc3 d5 3. Nf3 dxe4 4. Nxe4 Nf6 5. Nxf6+ exf6 6. d4 Bd6 7. c3 O-O 8. Be2 Re8 9. Be3 Nd7 10. Qd2 Nf8 11. O-O Bg4 12. Ne1 Be6 13. Nd3 Ng6 14. g3 Bd5 15. Rfe1 Qe7 16. Nf4 Nxf4 17. Bxf4 Qe4 18. f3 Bxf4 19. Qxf4 Qc2 20. Bf1 Qxb2 21. c4 Rxe1 22. Rxe1 Be6 23. Rd1 Qb6 24. Kh1 Rd8 25. c5 Qa5 26. Rb1 h5 27. Rxb7 Qe1 28. Kg2 Bh3+ 29. Kxh3 Qxf1+ 30. Kh4 g5+ 31. Kxh5 gxf4 0-1


[Site "https://www.chess.com"]

[Event "Titled Tuesday Blitz June 14 Late 2022"]
[White "Moon, Benjamin"]
[Black "Moroni, Luca Jr"]
[WhiteFideId "2064847"]
[BlackFideId "865834"]
[WhiteElo "2549"]
[BlackElo "2573"]
[Result "1-0"]
[Round "02"]
[TimeControl "180+1"]
[Date "2022.06.14"]
[WhiteClock "0:00:12"]
[BlackClock "0:00:05"]

1. d4 d6 2. Nf3 g6 3. e4 Bg7 4. Nbd2 Nd7 5. Bc4 e6 6. O-O Ne7 7. Re1 a6 8. a4 b6 9. c3 Bb7 10. Nf1 O-O 11. Ng3 c5 12. Bg5 h6 13. Be3 Qc7 14. Bd3 Bc6 15. Qd2 Kh7 16. h4 b5 17. axb5 axb5 18. h5 c4 19. Bc2 e5 20. Nh2 Nf6 21. d5 Bd7 22. Rxa8 Rxa8 23. f4 exf4 24. Bxf4 Ra2 25. Bb1 Ra1 26. e5 Nfxd5 27. Bxg6+ fxg6 28. Rxa1 Qc5+ 29. Kh1 dxe5 30. Ne4 Qc6 31. Be3 Nxe3 32. Qxe3 Nf5 33. hxg6+ Qxg6 34. Qc5 Bc6 35. Ra6 Qh5 36. Rxc6 Qd1+ 37. Qg1 Qd5 38. Nf6+ Bxf6 39. Rc7+ Kg6 40. Qf2 Qd1+ 41. Nf1 Qh5+ 42. Kg1 e4 43. Rc6 Qg5 44. Qe2 e3 45. Nh2 Qf4 46. Nf3 Ng3 47. Qe1 Ne4 48. Nh4+ Kg5 49. Nf3+ Kg6 50. Nd4 h5 51. Qe2 h4 52. Qf3 Qxf3 53. gxf3 Nd2 54. Ne2 Kg5 55. f4+ Kf5 56. Kg2 Bg7 57. Rc5+ Ke4 58. Rc7 Bf6 59. Rc6 Bd8 60. Re6+ Kd3 61. Ng1 Ba5 62. Nf3 b4 63. Rd6+ Kc2 64. cxb4 Bxb4 65. Nd4+ Kxb2 66. f5 c3 67. Rb6 Ka3 68. f6 Nc4 69. Nc2+ Kb3 70. Rxb4+ Kxc2 71. Rxc4 e2 72. Kf2 Kd3 73. Rc8 c2 74. Rd8+ Kc3 75. Rc8+ Kd2 76. Rxc2+ Kxc2 77. Kxe2 h3 78. f7 Kc3 79. f8=Q h2 80. Qh8+ Kc2 81. Qxh2 1-0


[Site "https://www.chess.com"]

[Event "Titled Tuesday Blitz June 14 Late 2022"]
[White "Moral Garcia, Serafin"]
[Black "Silvestre, Christian"]
[WhiteFideId "2201925"]
[BlackFideId "30956269"]
[WhiteElo "2251"]
[BlackElo "2328"]
[Result "1-0"]
[Round "02"]
[TimeControl "180+1"]
[Date "2022.06.15"]
[WhiteClock "0:00:03"]
[BlackClock "0:00:04"]

1. e4 c6 2. d4 d5 3. exd5 cxd5 4. c4 Nf6 5. Nc3 g6 6. cxd5 Bg7 7. Bb5+ Nbd7 8. d6 e6 9. Nf3 O-O 10. Ne5 Qb6 11. Nc4 Qd8 12. Bg5 h6 13. Bxd7 hxg5 14. Bxc8 Rxc8 15. Qd3 Nd5 16. a3 Nxc3 17. bxc3 b5 18. Ne3 Qxd6 19. O-O Rc7 20. Rfc1 Rfc8 21. Qxb5 Rxc3 22. Rxc3 Rxc3 23. Qxg5 Qxd4 24. Rb1 Rc8 25. h3 Qf6 26. Qa5 Qd4 27. Qa6 Rc7 28. Qa5 Qd8 29. Qb5 Bd4 30. Rd1 Rd7 31. Kf1 Rd6 32. Nc2 Bb6 33. Rxd6 Qxd6 34. Ke2 Qf4 35. Ne3 Qe4 36. Qc4 Qb7 37. a4 Bxe3 38. Kxe3 Qxg2 39. Qc8+ Kh7 40. Qc7 Qxh3+ 41. Ke2 Qg4+ 42. Kf1 Qd1+ 43. Kg2 Qg4+ 44. Kh2 Qh4+ 45. Kg2 Qg4+ 46. Kh2 Qxa4 47. Qxf7+ Kh6 48. Qxe6 Qh4+ 49. Kg2 Qh5 50. Qd7 Qg5+ 51. Kf1 a5 52. Qe8 Qc5 53. Qh8+ Kg5 54. Qd8+ Kf5 55. Qd7+ Ke5 56. Qe8+ Kf6 57. Qd7 Qc4+ 58. Kg2 a4 59. Qd6+ Kg7 60. Qe7+ Kh6 61. Qe3+ g5 62. Qa3 Qg4+ 63. Kh2 Qf4+ 64. Kg2 Qe4+ 65. Kh2 Kh5 66. Kg3 Qf4+ 67. Kg2 Kg4 68. Qh3# 1-0


[Site "https://www.chess.com"]

[Event "Titled Tuesday Blitz June 14 Late 2022"]
[White "Moskvin, Anatoly"]
[Black "Al-Tarboush, Ward"]
[WhiteFideId "24199990"]
[BlackFideId "7601450"]
[WhiteElo "2079"]
[BlackElo "2249"]
[Result "0-1"]
[Round "02"]
[TimeControl "180+1"]
[Date "2022.06.15"]
[WhiteClock "0:00:02"]
[BlackClock "0:00:13"]

1. e4 b6 2. c4 Bb7 3. Nc3 e5 4. a3 Nc6 5. d3 h6 6. g3 Nf6 7. Bg2 Bc5 8. Nge2 a5 9. Rb1 d6 10. O-O Qd7 11. b3 g5 12. Nd5 Nxd5 13. exd5 Nd4 14. Nc3 b5 15. Ne4 Qe7 16. b4 axb4 17. axb4 Bb6 18. Kh1 f5 19. Qh5+ Qf7 20. Nf6+ Ke7 21. Qxf7+ Kxf7 22. Nd7 bxc4 23. dxc4 Ra2 24. Be3 f4 25. Nxb6 cxb6 26. Bxd4 exd4 27. c5 bxc5 28. bxc5 Ba6 29. Rfe1 d3 30. c6 d2 31. Red1 Be2 32. Bh3 Bxd1 33. Rxd1 Rc2 34. Kg2 h5 35. Bf5 Rc3 36. Rxd2 f3+ 37. Kh3 Kf6 38. Be6 Rb8 39. g4 Rb4 40. gxh5 Rh4+ 41. Kg3 Rxh5 42. Rb2 Rh7 43. Rb7 Rxb7 44. cxb7 Rb3 45. Bc8 Ke5 46. Kg4 Kxd5 47. Kxg5 Ke5 48. Kg4 d5 49. Bf5 Rxb7 50. Be4 dxe4 0-1


[Site "https://www.chess.com"]

[Event "Titled Tuesday Blitz June 14 Late 2022"]
[White "Nakamura, Hikaru"]
[Black "Rosen, Eric"]
[WhiteFideId "2016192"]
[BlackFideId "2032562"]
[WhiteElo "2850"]
[BlackElo "2362"]
[Result "1-0"]
[Round "02"]
[TimeControl "180+1"]
[Date "2022.06.14"]
[WhiteClock "0:01:01"]
[BlackClock "0:00:01"]

1. d4 d5 2. Bf4 Nf6 3. e3 c5 4. Nf3 Nc6 5. Nbd2 cxd4 6. exd4 Bf5 7. c3 e6 8. Nh4 Bg6 9. Nxg6 hxg6 10. Qb3 Bd6 11. Qxb7 Bxf4 12. Qxc6+ Kf8 13. Nf3 Rb8 14. Rb1 Ne4 15. Bd3 Rb6 16. Qa4 g5 17. Qxa7 g4 18. Ne5 Bxe5 19. dxe5 Nc5 20. Qa3 Rc6 21. Be2 Kg8 22. Qb4 Qg5 23. Qxg4 Qxe5 24. Qd4 Qc7 25. h3 Ne4 26. Bd3 Rh4 27. Qe3 Nc5 28. O-O Nxd3 29. Qxd3 Rcc4 30. Rfc1 g6 31. b3 Rce4 32. a4 Kg7 33. b4 Rc4 34. Qd2 Rh8 35. a5 Rb8 36. Ra1 Qa7 37. Qe3 Qa6 38. Qe5+ Kg8 39. Qxb8+ 1-0


[Site "https://www.chess.com"]

[Event "Titled Tuesday Blitz June 14 Late 2022"]
[White "Nazaretyan, Tigran"]
[Black "Ibarra Jerez, Jose Carlos"]
[WhiteFideId "24162345"]
[BlackFideId "2226332"]
[WhiteElo "2179"]
[BlackElo "2628"]
[Result "1-0"]
[Round "02"]
[TimeControl "180+1"]
[Date "2022.06.14"]
[WhiteClock "0:00:35"]
[BlackClock "0:00:01"]

1. d4 Nf6 2. c4 d6 3. Nf3 g6 4. Nc3 Bf5 5. Ng5 Bd7 6. e4 e5 7. Nf3 exd4 8. Nxd4 Bg7 9. Be2 O-O 10. O-O Re8 11. f3 Nc6 12. Nc2 Nh5 13. g4 Nf6 14. Bg5 h6 15. Bh4 a6 16. Ne3 Qc8 17. Rc1 h5 18. h3 hxg4 19. hxg4 Be6 20. Kg2 Ne5 21. Ncd5 Bxd5 22. cxd5 Qd7 23. Qc2 Qe7 24. Qxc7 Ned7 25. Nc4 Bh6 26. Nxd6 Bf4 27. Bg3 Bxg3 28. Kxg3 Qe5+ 29. Kg2 Re7 30. Nxb7 Qxb2 31. Rc2 Qd4 32. Qc3 Qxc3 33. Rxc3 Nxd5 34. exd5 Rxe2+ 35. Rf2 Re5 36. Rd2 Rb8 37. Rc7 Nf6 38. d6 Ne8 39. Rc5 Rxc5 40. Nxc5 Nxd6 41. Rxd6 Rb5 42. Nb3 a5 43. Ra6 Rd5 44. Rxa5 Rd3 45. g5 Kg7 46. Kg3 Rc3 47. Kg4 Rc4+ 48. f4 Rc2 49. Ra7 Rg2+ 50. Kf3 Rg1 51. Nd4 Rd1 52. Ne6+ Kg8 53. Ra8+ Kh7 54. Nd8 Kg7 55. a4 Rd4 56. a5 Rd5 57. a6 Rd6 58. a7 Ra6 59. Nc6 Rxc6 60. Rb8 Ra6 61. a8=R 1-0


[Site "https://www.chess.com"]

[Event "Titled Tuesday Blitz June 14 Late 2022"]
[White "Palchuk, Andrii"]
[Black "Zierk, Steven"]
[WhiteFideId "14176688"]
[BlackFideId "2034255"]
[WhiteElo "2338"]
[BlackElo "2494"]
[Result "1-0"]
[Round "02"]
[TimeControl "180+1"]
[Date "2022.06.14"]
[WhiteClock "0:00:52"]
[BlackClock "0:01:28"]

1. Nf3 Nf6 2. c4 g6 3. g3 Bg7 4. Bg2 O-O 5. O-O c5 6. Nc3 Nc6 7. d4 d6 8. d5 Na5 9. Nd2 a6 10. Rb1 Rb8 11. Qc2 b5 12. b3 e6 13. Bb2 bxc4 14. bxc4 exd5 15. Nxd5 Bf5 16. e4 Bd7 17. Bxf6 Rxb1 18. Bxd8 Rxf1+ 19. Bxf1 Rxd8 20. Qb1 Nc6 21. Qb6 Kf8 22. Qc7 Be8 23. Ne7 Rd7 24. Qxc6 Kxe7 25. Qxa6 Rd8 26. Bh3 Bf6 27. Nf1 Kf8 28. Ne3 Bd4 29. Nd5 Kg7 30. Qb7 Ba4 31. Be6 Rf8 32. Kg2 Bc2 33. Nf4 g5 34. Ne2 Bf6 35. Bd5 Bd1 36. Ng1 g4 37. h3 h5 38. hxg4 hxg4 39. f3 Kg6 40. fxg4 Bxg4 41. Nh3 Be5 42. Nf4+ Kf6 43. a4 1-0


[Site "https://www.chess.com"]

[Event "Titled Tuesday Blitz June 14 Late 2022"]
[White "Petrovic, Aleksa"]
[Black "Rosenberg, Evan S"]
[WhiteFideId "967629"]
[BlackFideId "2019299"]
[WhiteElo "2117"]
[BlackElo "2298"]
[Result "1-0"]
[Round "02"]
[TimeControl "180+1"]
[Date "2022.06.15"]
[WhiteClock "0:00:04"]
[BlackClock "0:00:01"]

1. d4 Nf6 2. c4 e6 3. Nf3 Bb4+ 4. Bd2 Qe7 5. g3 b6 6. Bg2 Bb7 7. O-O Bxd2 8. Qxd2 Ne4 9. Qc2 f5 10. Nfd2 Nd6 11. Bxb7 Nxb7 12. e4 Nc6 13. exf5 Nxd4 14. Qe4 Nc6 15. fxe6 O-O-O 16. exd7+ Qxd7 17. Nc3 Nc5 18. Qg2 Kb8 19. Rad1 Nd4 20. Nf3 Nxf3+ 21. Qxf3 Qe6 22. Nd5 Rhf8 23. Qg2 a5 24. b4 axb4 25. Nxb4 Ne4 26. Rxd8+ Rxd8 27. Re1 Rd4 28. Nd5 Rxc4 29. Nf4 Qf5 30. Qf3 g5 31. Qd3 Nd6 32. Qxf5 Nxf5 33. Ne6 Rc2 34. Re5 Nd6 35. Nxg5 Rxa2 36. Nxh7 Ra1+ 37. Kg2 b5 38. h4 b4 39. h5 b3 40. Re3 Rb1 41. Nf6 b2 42. Rb3+ Kc8 43. h6 Nf7 44. h7 c5 45. Ne4 c4 46. Nd6+ Kd7 47. Nxf7 cxb3 48. h8=Q Rg1+ 49. Kxg1 b1=Q+ 50. Kg2 Qe4+ 51. Kh2 b2 52. Qxb2 Qh7+ 53. Nh6 Qxh6+ 54. Kg2 Qc6+ 55. f3 Kc7 56. Qe5+ 1-0


[Site "https://www.chess.com"]

[Event "Titled Tuesday Blitz June 14 Late 2022"]
[White "Reprintsev, Alexander"]
[Black "Vasquez Schroeder, Rodrigo"]
[WhiteFideId "14100541"]
[BlackFideId "3400042"]
[WhiteElo "2108"]
[BlackElo "2567"]
[Result "0-1"]
[Round "02"]
[TimeControl "180+1"]
[Date "2022.06.15"]
[WhiteClock "0:00:56"]
[BlackClock "0:01:08"]

1. e4 c5 2. b3 g6 3. Bb2 Nf6 4. e5 Nh5 5. Qf3 Nc6 6. Bc4 e6 7. Qe3 Ng7 8. g4 h5 9. f3 Qh4+ 10. Qf2 hxg4 11. fxg4 Qxg4 12. Nf3 Rh3 13. Rf1 Nf5 14. Na3 Qe4+ 15. Be2 Ncd4 16. Nxd4 cxd4 17. O-O-O Qh4 18. Nb5 Qxf2 19. Rxf2 Kd8 20. Nxd4 Bc5 21. Bg4 Rh4 22. Bxf5 gxf5 23. c3 b6 24. Rg1 Ke7 25. Rfg2 Bb7 26. Rg8 Rxg8 27. Rxg8 Rxh2 28. b4 Bxd4 29. cxd4 Be4 30. Bc3 b5 31. Rg1 f4 32. Rf1 f3 33. d5 Bxd5 34. a3 a6 35. Bd4 d6 36. exd6+ Kxd6 37. Kc2 e5 38. Bc5+ Ke6 39. Kc3 f5 40. d3 Ra2 41. Rh1 Rxa3+ 42. Kd2 Ra2+ 43. Kc3 f4 44. Rh6+ Kf5 45. Be7 f2 46. Rf6+ Kg4 47. Rg6+ Kf3 0-1


[Site "https://www.chess.com"]

[Event "Titled Tuesday Blitz June 14 Late 2022"]
[White "Riehle, Marco"]
[Black "Postnikov, Daniil"]
[WhiteFideId "12904392"]
[BlackFideId "4166329"]
[WhiteElo "2462"]
[BlackElo "2261"]
[Result "1-0"]
[Round "02"]
[TimeControl "180+1"]
[Date "2022.06.15"]
[WhiteClock "0:00:49"]
[BlackClock "0:00:03"]

1. e4 e6 2. c4 c5 3. Nf3 Nc6 4. Be2 g6 5. d4 cxd4 6. Nxd4 Nf6 7. Nc3 a6 8. O-O Bg7 9. Nxc6 dxc6 10. Qxd8+ Kxd8 11. Bg5 h6 12. Rad1+ Ke7 13. Bh4 e5 14. f4 Ke6 15. fxe5 Kxe5 16. c5 Nxe4 17. Nxe4 Kxe4 18. Bd3+ Kd5 19. Bxg6+ Kxc5 20. Rxf7 Bd4+ 21. Kh1 Be6 22. Rxb7 Rhb8 23. Be7+ Kd5 24. Rxb8 Rxb8 25. b3 c5 26. Bd3 Bg4 27. Rf1 Re8 28. Bh4 Be2 29. Re1 Bh5 30. Rxe8 Bxe8 31. Bxa6 Bg6 32. Bc4+ Kc6 33. h3 Be4 34. Kh2 Be5+ 35. Bg3 Bd4 36. Bf4 Bf2 37. Bxh6 Bb1 38. a4 Bc2 39. Bf4 Be1 40. g3 Be4 41. h4 Bf5 42. Kg2 Bg4 43. Bd3 Kd5 44. Bc4+ Ke4 45. Bc7 Bb4 46. a5 Bf3+ 47. Kh3 Kf5 48. a6 Bc3 49. a7 Be1 50. Kh2 Kg4 51. Be2 Bxe2 52. a8=Q 1-0


[Site "https://www.chess.com"]

[Event "Titled Tuesday Blitz June 14 Late 2022"]
[White "Rios Escobar, Adan"]
[Black "Murthy, Pappu"]
[WhiteFideId "3403645"]
[BlackFideId "2013401"]
[WhiteElo "2430"]
[BlackElo "2000"]
[Result "1-0"]
[Round "02"]
[TimeControl "180+1"]
[Date "2022.06.15"]
[WhiteClock "0:00:13"]
[BlackClock "0:00:04"]

1. d4 Nf6 2. g3 d5 3. Nf3 c6 4. c4 Bg4 5. Ne5 e6 6. Nxg4 Nxg4 7. e4 Nf6 8. e5 Nfd7 9. Qb3 b6 10. cxd5 cxd5 11. Nc3 Be7 12. Nxd5 Nc6 13. Nxe7 Qxe7 14. Be3 Rc8 15. Bg2 O-O 16. O-O Na5 17. Qd3 Nc4 18. Bc1 h6 19. b3 Na5 20. Bd2 Rfd8 21. Qe2 Nc6 22. Be3 Nb4 23. Rac1 Nd5 24. Qd2 Nb8 25. Rxc8 Rxc8 26. Rc1 Nc6 27. h4 Qd7 28. Be4 Rd8 29. Qe2 Nce7 30. Bb1 Nxe3 31. fxe3 Rc8 32. Rc4 b5 33. Rxc8+ Qxc8 34. Qxb5 Qc1+ 35. Qf1 Qxe3+ 36. Kh2 Qxd4 37. Qe2 Nd5 38. Qc2 g6 39. h5 Qxe5 40. hxg6 Qh5+ 41. Kg1 Qxg6 42. Qxg6+ fxg6 43. Bxg6 Kg7 44. Bd3 Kf6 45. Bc4 Ne3 46. Kf2 Nf5 47. Kf3 Nd4+ 48. Ke4 Nc2 49. a4 Nb4 50. Kd4 Nc2+ 51. Kc5 Ne3 52. Be2 Nf5 53. g4 Ne7 54. b4 Kg5 55. b5 Kf4 56. a5 Ke5 57. b6 axb6+ 58. axb6 Nc8 59. b7 Na7 60. b8=Q+ Kf6 61. Qxa7 Kg5 62. Qb6 Kh4 63. Qxe6 Kg3 64. Qxh6 Kg2 65. g5 Kf2 66. Bh5 Kg3 67. g6 Kf2 68. Qf4+ Ke1 69. Qe3+ Kf1 70. Qf3+ Ke1 71. Qe2# 1-0


[Site "https://www.chess.com"]

[Event "Titled Tuesday Blitz June 14 Late 2022"]
[White "Romanchuk, Viktor"]
[Black "Salem, A.R. Saleh"]
[WhiteFideId "14109271"]
[BlackFideId "9301348"]
[WhiteElo "2242"]
[BlackElo "2679"]
[Result "1/2-1/2"]
[Round "02"]
[TimeControl "180+1"]
[Date "2022.06.14"]
[WhiteClock "0:00:09"]
[BlackClock "0:00:20"]

1. d4 Nf6 2. c4 g6 3. Nf3 c5 4. g3 Bg7 5. Bg2 O-O 6. O-O d6 7. Nc3 Nc6 8. dxc5 dxc5 9. Be3 Qa5 10. Nd2 Nd4 11. Nb3 Nxb3 12. axb3 Qc7 13. Nb5 Qe5 14. Rxa7 Rxa7 15. Nxa7 Bf5 16. Qc1 Ne4 17. Nb5 h5 18. Nc3 b6 19. Nd5 Qd6 20. Rd1 Nf6 21. Nc3 Qe6 22. Qd2 h4 23. Nd5 h3 24. Bf3 Ne4 25. Qc1 Kh7 26. Nf4 Qc8 27. Nd5 Qe6 28. Nf4 Qe5 29. Rd5 Qb8 30. g4 Nf6 31. gxf5 Nxd5 32. Nxd5 e6 33. f6 Bh8 34. Bf4 Qd8 35. Ne3 Qxf6 36. Bg3 Rd8 37. Bg4 Qxb2 38. Qxb2 Bxb2 39. Bxh3 Bc1 40. Bc7 Rd7 41. Bxb6 Ba3 42. Bg2 Rd2 43. Bc6 Rb2 44. Bb5 Rxb3 45. Ng4 Rb2 46. e3 Kg7 47. Ne5 Rd2 48. Kf1 Bb4 49. Kg2 Rb2 50. Nd3 Rb3 51. Nxc5 Rb1 52. Nd3 Be7 53. Bd4+ f6 54. f4 Kf7 55. h4 Rb3 56. Nf2 Bd6 57. Ne4 Be7 58. Nc5 Rb1 59. Nd3 Rb3 60. Nf2 Bd6 61. Kf3 Bc7 62. Ng4 Bd8 63. Nf2 Rb1 64. Ne4 Rf1+ 65. Ke2 Rb1 66. Kf3 Be7 67. Nc3 Rb3 68. Ne4 Bd8 69. Nd6+ Ke7 70. Ne4 Kf7 71. Nd6+ Kf8 72. Ne4 Kf7 1/2-1/2


[Site "https://www.chess.com"]

[Event "Titled Tuesday Blitz June 14 Late 2022"]
[White "Sanal, Vahap"]
[Black "Pinheiro, Iung Alicio de O."]
[WhiteFideId "6300545"]
[BlackFideId "2104350"]
[WhiteElo "2574"]
[BlackElo "2283"]
[Result "1/2-1/2"]
[Round "02"]
[TimeControl "180+1"]
[Date "2022.06.14"]
[WhiteClock "0:01:12"]
[BlackClock "0:00:16"]

1. Nf3 c5 2. g3 Nc6 3. Bg2 g6 4. O-O Bg7 5. d3 d6 6. c4 e5 7. Nc3 Nge7 8. Nd2 O-O 9. b3 Rb8 10. Bb2 Be6 11. Rc1 Qd7 12. e3 d5 13. cxd5 Nxd5 14. Nxd5 Bxd5 15. Ne4 b6 16. Qf3 Qe7 17. Nf6+ Bxf6 18. Qxd5 Nb4 19. Qe4 Nxa2 20. Ra1 Nb4 21. f4 exf4 22. Qxe7 Bxe7 23. Rxa7 Bd6 24. gxf4 Nxd3 25. Bf6 c4 26. bxc4 Bc5 27. Bd4 Rbd8 28. Bxc5 bxc5 29. Bd5 Nb4 30. e4 Nxd5 31. cxd5 Rfe8 32. f5 Rxe4 33. fxg6 fxg6 34. Rff7 Rxd5 35. Rg7+ Kh8 36. Rxh7+ Kg8 37. Rag7+ Kf8 38. Rxg6 Rd2 39. Kh1 Re1+ 40. Rg1 Rxg1+ 41. Kxg1 c4 42. Rh3 Rc2 43. Kf1 c3 44. Ke1 Ke7 45. Kd1 Rg2 46. Re3+ Kf6 47. h3 c2+ 48. Kc1 Kg5 49. Re4 Rh2 50. Rg4+ Kh5 51. Rg8 Rxh3 52. Kxc2 Rh4 53. Kd3 Rg4 54. Rf8 Kg5 55. Ke3 Ra4 56. Rb8 Kf5 57. Rb5+ Ke6 58. Kd3 Kd6 59. Kc3 Kc6 60. Rg5 Rf4 61. Rh5 Kd6 62. Kd3 Ke6 63. Ra5 Rb4 64. Ra8 Rh4 65. Re8+ Kd5 66. Rd8+ Ke5 67. Re8+ Kd5 68. Rd8+ Kc5 69. Rc8+ Kd5 70. Rd8+ 1/2-1/2


[Site "https://www.chess.com"]

[Event "Titled Tuesday Blitz June 14 Late 2022"]
[White "Sarana, Alexey"]
[Black "Tica, Sven"]
[WhiteFideId "24133795"]
[BlackFideId "14526948"]
[WhiteElo "2666"]
[BlackElo "2346"]
[Result "1-0"]
[Round "02"]
[TimeControl "180+1"]
[Date "2022.06.14"]
[WhiteClock "0:00:47"]
[BlackClock "0:00:19"]

1. d4 d5 2. c4 e6 3. Nc3 Nf6 4. cxd5 exd5 5. Bg5 c6 6. e3 Be6 7. h3 Nbd7 8. Bd3 Bd6 9. Nge2 h6 10. Bf4 Qc7 11. O-O O-O 12. Rc1 a6 13. Qc2 Rfe8 14. Na4 Ne4 15. a3 Rac8 16. Bxe4 dxe4 17. Bxd6 Qxd6 18. Nc5 Nxc5 19. Qxc5 Qxc5 20. Rxc5 g5 21. Rfc1 Rcd8 22. g4 Rd5 23. Ng3 Rxc5 24. Rxc5 Bd5 25. Nf5 Kh7 26. Nd6 Re7 27. Kg2 Kg6 28. a4 h5 29. b4 Rd7 30. Nf5 f6 31. b5 hxg4 32. hxg4 axb5 33. axb5 Be6 34. Ng3 Bd5 35. b6 Rh7 36. Ra5 Rh4 37. Ra7 c5 38. Ra5 Rxg4 39. Rxc5 Be6 40. d5 Bf7 41. d6 Rh4 42. d7 1-0


[Site "https://www.chess.com"]